[Event "Belt and Road Women-ch 2020"]
[Site "Xi'an"]
[Date "2020.12.05"]
[Round "1.1"]
[White "Lei, Tingjie"]
[Black "Abdumalik, Zhansaya"]
[Result "1-0"]
[ECO "E90"]
[WhiteElo "2505"]
[BlackElo "2478"]
[Annotator "ChessBase"]
[PlyCount "67"]
[EventDate "2020.12.03"]
[EventCountry "CHN"]
[SourceTitle "playchess.com"]
[Source "ChessBase"]
[SourceQuality "1"]
[TimeControl "900+5"]

1. d4 Nf6 2. c4 g6 3. Nc3 d6 4. e4 Bg7 5. h3 c6 6. Be3 O-O 7. Nf3 e5 8. d5 Nh5 9. Nd2 Nd7 10. g3 a5 11. Be2 Nhf6 12. g4 Ne8 13. h4 Nc5 14. g5 cxd5 15. exd5 f5 16. Qc2 Na6 17. f3 f4 18. Bf2 Bf5 19. Nde4 Rc8 20. O-O-O Rf7 21. Kb1 b6 22. Ka1 Nc5 23. Bxc5 bxc5 24. Nb5 Bf8 25. Bd3 Be7 26. h5 Ng7 27. Rdg1 Qd7 28. hxg6 hxg6 29. Rh6 Rff8 30. Nbxd6 Bxd6 31. Nf6+ Rxf6 32. gxf6 Bxd3 33. Qxd3 Qf5 34. Rgxg6 1-0

[Event "Belt and Road Women-ch 2020"]
[Site "Xi'an"]
[Date "2020.12.05"]
[Round "1.2"]
[White "Khademalsharieh, Sarasadat"]
[Black "Tan, Zhongyi"]
[Result "1/2-1/2"]
[ECO "D37"]
[WhiteElo "2494"]
[BlackElo "2510"]
[Annotator "ChessBase"]
[PlyCount "50"]
[EventDate "2020.12.03"]
[EventCountry "CHN"]
[SourceTitle "playchess.com"]
[Source "ChessBase"]
[SourceQuality "1"]
[TimeControl "900+5"]

1. d4 d5 2. c4 e6 3. Nc3 Nf6 4. Nf3 a6 5. cxd5 exd5 6. Bg5 Be6 7. e3 Nbd7 8. Bd3 Bd6 9. O-O c6 10. Bf4 Qc7 11. Bxd6 Qxd6 12. Qc2 O-O 13. Na4 Bg4 14. Nd2 Rfe8 15. Rac1 Bh5 16. Nc5 Nxc5 17. Qxc5 Qd7 18. b4 Bg6 19. Bxg6 hxg6 20. a4 Rac8 21. Qc2 Qd6 22. Qc5 Qd7 23. Qc2 Qd6 24. Qc5 Qb8 25. Qc2 Qd6 1/2-1/2

[Event "Belt and Road Women-ch 2020"]
[Site "Xi'an"]
[Date "2020.12.05"]
[Round "1.3"]
[White "Muzychuk, Mariya"]
[Black "Dzagnidze, Nana"]
[Result "1-0"]
[ECO "B31"]
[WhiteElo "2544"]
[BlackElo "2524"]
[Annotator "ChessBase"]
[PlyCount "79"]
[EventDate "2020.12.03"]
[EventCountry "CHN"]
[SourceTitle "playchess.com"]
[Source "ChessBase"]
[SourceQuality "1"]
[TimeControl "900+5"]

1. e4 c5 2. Nf3 Nc6 3. Bb5 g6 4. O-O Bg7 5. c3 Nf6 6. Re1 O-O 7. d4 d5 8. e5 Ne4 9. Be3 cxd4 10. cxd4 Qb6 11. Qe2 f6 12. exf6 exf6 13. Nc3 Be6 14. Rac1 a6 15. Bxc6 bxc6 16. Nxe4 dxe4 17. d5 exf3 18. Bxb6 fxe2 19. dxe6 Rab8 20. Rxc6 Rfc8 21. Rxc8+ Rxc8 22. f3 Rc2 23. Kf2 Rxb2 24. Rxe2 Rxe2+ 25. Kxe2 f5 26. Kd3 Kf8 27. Kc4 Ke8 28. Kd5 Bc3 29. a4 Bb4 30. Bc5 Bc3 31. Kc6 a5 32. Kb5 Bd2 33. h3 Be1 34. Bb6 Ke7 35. Bxa5 Bf2 36. Bb6 Be1 37. a5 Bxa5 38. Bxa5 Kxe6 39. Kc5 Ke5 40. Bc7+ 1-0

[Event "Belt and Road Women-ch 2020"]
[Site "Xi'an"]
[Date "2020.12.05"]
[Round "1.4"]
[White "Stefanova, Antoaneta"]
[Black "Hou, Yifan"]
[Result "0-1"]
[ECO "A46"]
[WhiteElo "2466"]
[BlackElo "2658"]
[Annotator "RC"]
[PlyCount "86"]
[EventDate "2020.12.03"]
[EventCountry "CHN"]
[SourceTitle "playchess.com"]
[Source "ChessBase"]
[SourceQuality "1"]
[TimeControl "900+5"]

1. d4 Nf6 2. Bg5 e6 3. Nd2 h6 4. Bh4 c5 5. e3 b6 6. Ngf3 Bb7 7. c3 Be7 8. a3 d6 9. Bb5+ Nc6 10. O-O O-O 11. e4 a6 12. Bd3 Nh5 13. Bxe7 Nxe7 14. Re1 Nf4 15. Bf1 b5 16. g3 Nfg6 17. h4 Nc6 18. h5 Nge7 19. dxc5 dxc5 20. Nb3 Qb6 21. Qd6 c4 22. Qc5 Qc7 23. Nbd4 Rac8 24. Nxc6 Bxc6 25. a4 Qb7 26. Qe3 bxa4 27. Ne5 Qc7 28. Nxc4 Bb5 29. Nd2 Rb8 30. Bxb5 axb5 31. c4 Rfd8 32. cxb5 Qa5 33. Nf3 Qxb5 34. g4 Nc6 35. g5 hxg5 36. Qxg5 Nd4 37. Qg4 Nxf3+ 38. Qxf3 Qg5+ 39. Qg2 Qxh5 40. Rxa4 Rxb2 41. e5 Re2 42. Rea1 Qxe5 43. Rg4 Qxa1+ 0-1

[Event "Belt and Road Women-ch 2020"]
[Site "Xi'an"]
[Date "2020.12.05"]
[Round "1.5"]
[White "Atalik, Ekaterina"]
[Black "Zhao, Xue"]
[Result "1-0"]
[ECO "E11"]
[WhiteElo "2430"]
[BlackElo "2486"]
[Annotator "ChessBase"]
[PlyCount "101"]
[EventDate "2020.12.03"]
[EventCountry "CHN"]
[SourceTitle "playchess.com"]
[Source "ChessBase"]
[SourceQuality "1"]
[TimeControl "900+5"]

1. d4 Nf6 2. c4 e6 3. Nf3 Bb4+ 4. Bd2 Qe7 5. g3 Nc6 6. Nc3 O-O 7. Bg2 d6 8. O-O a5 9. Qc2 e5 10. dxe5 Nxe5 11. Nxe5 dxe5 12. Bg5 Bxc3 13. Qxc3 Re8 14. Rfd1 c6 15. c5 Bg4 16. Rd6 Ne4 17. Bxe4 Qxg5 18. Qc2 g6 19. Rad1 a4 20. h4 Qe7 21. Qd2 Kg7 22. Bc2 Be6 23. Qb4 Bxa2 24. Rd7 Qf8 25. Rxb7 Reb8 26. Rdd7 Qc8 27. h5 Qxd7 28. h6+ Kf6 29. Rxb8 Rxb8 30. Qxb8 Qe7 31. Qb4 Qd7 32. Bxa4 Bd5 33. Bb3 Bxb3 34. Qxb3 Qd4 35. Qc2 Kg5 36. Qc1+ Kh5 37. b3 g5 38. Qe3 Qxe3 39. fxe3 Kg6 40. e4 Kf6 41. Kf2 Ke6 42. Ke3 g4 43. Kd3 Kd7 44. Kc4 Kc7 45. b4 Kb7 46. b5 Kc7 47. bxc6 Kxc6 48. Kb4 Kc7 49. Kb5 Kb7 50. c6+ Kc7 51. Kc5 1-0

[Event "Belt and Road Women-ch 2020"]
[Site "Xi'an"]
[Date "2020.12.05"]
[Round "2.1"]
[White "Abdumalik, Zhansaya"]
[Black "Zhao, Xue"]
[Result "1-0"]
[ECO "C11"]
[WhiteElo "2478"]
[BlackElo "2486"]
[Annotator "ChessBase"]
[PlyCount "167"]
[EventDate "2020.12.03"]
[EventCountry "CHN"]
[SourceTitle "playchess.com"]
[Source "ChessBase"]
[SourceQuality "1"]
[TimeControl "900+5"]

1. e4 e6 2. d4 d5 3. Nc3 Nf6 4. e5 Nfd7 5. f4 c5 6. Nf3 Nc6 7. Be3 a6 8. Qd2 Be7 9. Be2 O-O 10. O-O b5 11. Nd1 Qb6 12. c3 Na5 13. Bf2 Nc4 14. Qc1 cxd4 15. Nxd4 Qc7 16. b3 Ncb6 17. Qe3 Nc5 18. Bf3 Rb8 19. Bg3 Ne4 20. Bxe4 dxe4 21. Qxe4 Bb7 22. Qe2 Nd5 23. Rc1 Qb6 24. Qd2 Rfd8 25. Bf2 Bc5 26. f5 exf5 27. Qg5 Qg6 28. Qxf5 Nf4 29. Qxg6 hxg6 30. Rc2 Be4 31. Rd2 Bxg2 32. Re1 Bb7 33. b4 Bb6 34. Be3 Nd5 35. Bf2 Rbc8 36. Rd3 Nf4 37. Rg3 Re8 38. a3 Bd5 39. Nb2 Bb7 40. Nd1 Rcd8 41. Nb2 Nd5 42. a4 Nxc3 43. Rxc3 Rxd4 44. Rg3 Re6 45. a5 Rd2 46. axb6 Rxb2 47. Rd3 Rxf2 48. Kxf2 Rxb6 49. Rd6 Rc6 50. Rxc6 Bxc6 51. Rc1 Bd5 52. Rc8+ Kh7 53. h4 g5 54. hxg5 Kg6 55. Rg8 Kf5 56. Rxg7 Kxe5 57. Ke3 Be6 58. Kd3 Kd5 59. Rg8 Bf5+ 60. Kc3 Ke5 61. Ra8 Kf4 62. Rxa6 Kxg5 63. Rb6 Bd7 64. Rb7 Be6 65. Rxb5+ f5 66. Kd2 Kf6 67. Ke3 Ke7 68. Kd4 Bd7 69. Rb6 Kd8 70. Kc5 Ke7 71. Kd5 Ba4 72. Ke5 Bc2 73. Rb7+ Kd8 74. Kd6 Ke8 75. Ke6 Kd8 76. b5 Kc8 77. Rg7 Bd3 78. b6 f4 79. Ke5 f3 80. Rf7 Be2 81. Kd6 Bd1 82. b7+ Kb8 83. Kc6 Ka7 84. Kc7 1-0

[Event "Belt and Road Women-ch 2020"]
[Site "Xi'an"]
[Date "2020.12.05"]
[Round "2.3"]
[White "Dzagnidze, Nana"]
[Black "Stefanova, Antoaneta"]
[Result "1/2-1/2"]
[ECO "D13"]
[WhiteElo "2524"]
[BlackElo "2466"]
[Annotator "ChessBase"]
[PlyCount "99"]
[EventDate "2020.12.03"]
[EventCountry "CHN"]
[SourceTitle "playchess.com"]
[Source "ChessBase"]
[SourceQuality "1"]
[TimeControl "900+5"]

1. d4 d5 2. c4 c6 3. Nf3 Nf6 4. cxd5 cxd5 5. Nc3 Nc6 6. Bf4 a6 7. e3 Bg4 8. h3 Bxf3 9. Qxf3 Qb6 10. Rb1 e6 11. Be2 Ne4 12. Nxe4 dxe4 13. Qxe4 Qa5+ 14. Kf1 Qxa2 15. g4 Be7 16. Kg2 O-O 17. h4 Rad8 18. h5 Bd6 19. h6 g6 20. Bxd6 Rxd6 21. Rhc1 Qd5 22. Bf3 Qg5 23. Rc5 f5 24. Qc2 Qxh6 25. b4 Qg7 26. b5 axb5 27. Rbxb5 fxg4 28. Bxg4 Qf7 29. Qb2 Nd8 30. f4 h5 31. Bf3 Rd7 32. Be4 Qf6 33. Rg5 Rg7 34. Rb6 Nf7 35. Rg3 g5 36. f5 g4 37. Rxe6 Qd8 38. f6 Rg5 39. Kh1 h4 40. Rg1 Nd6 41. Bb1 Rxf6 42. Re5 Rf3 43. Qc2 Rh3+ 44. Kg2 Rg7 45. Ba2+ Nf7 46. Qe4 Rg3+ 47. Kh2 Rh3+ 48. Kg2 Rg3+ 49. Kh1 Rh3+ 50. Kg2 1/2-1/2

[Event "Belt and Road Women-ch 2020"]
[Site "Xi'an"]
[Date "2020.12.05"]
[Round "2.4"]
[White "Tan, Zhongyi"]
[Black "Muzychuk, Mariya"]
[Result "1-0"]
[ECO "A45"]
[WhiteElo "2510"]
[BlackElo "2544"]
[Annotator "ChessBase"]
[PlyCount "57"]
[EventDate "2020.12.03"]
[EventCountry "CHN"]
[SourceTitle "playchess.com"]
[Source "ChessBase"]
[SourceQuality "1"]
[TimeControl "900+5"]

1. d4 Nf6 2. Bf4 g6 3. Nc3 d5 4. e3 a6 5. h4 Bg7 6. h5 Nxh5 7. Rxh5 gxh5 8. Qxh5 Be6 9. Nf3 h6 10. O-O-O Qd7 11. Be5 Bg4 12. Qh2 f6 13. Bxc7 Nc6 14. Bd3 Rc8 15. Bf4 Na5 16. Qg3 h5 17. Nh4 Nc4 18. Bxc4 Rxc4 19. f3 e5 20. dxe5 Be6 21. e4 d4 22. Nf5 Bxf5 23. exf5 O-O 24. e6 Qc6 25. Ne4 Rxc2+ 26. Kb1 Rc8 27. Rh1 Qb5 28. Nxf6+ Kf8 29. Bd6# 1-0

[Event "Belt and Road Women-ch 2020"]
[Site "Xi'an"]
[Date "2020.12.05"]
[Round "2.5"]
[White "Lei, Tingjie"]
[Black "Khademalsharieh, Sarasadat"]
[Result "0-1"]
[ECO "C78"]
[WhiteElo "2505"]
[BlackElo "2494"]
[Annotator "ChessBase"]
[PlyCount "124"]
[EventDate "2020.12.03"]
[EventCountry "CHN"]
[SourceTitle "playchess.com"]
[Source "ChessBase"]
[SourceQuality "1"]
[TimeControl "900+5"]

1. e4 e5 2. Nf3 Nc6 3. Bb5 a6 4. Ba4 Nf6 5. O-O b5 6. Bb3 Bc5 7. a4 Rb8 8. c3 d6 9. d4 Bb6 10. a5 Ba7 11. h3 Bb7 12. Re1 O-O 13. Be3 exd4 14. cxd4 Ne7 15. e5 Ne4 16. Ng5 dxe5 17. Nxe4 Bxe4 18. Bg5 Bxb1 19. Rxb1 h6 20. Bxe7 Qxe7 21. dxe5 Rbd8 22. Qf3 Rd2 23. Re2 Rfd8 24. Rbe1 R2d3 25. Qb7 Bxf2+ 26. Rxf2 Rxb3 27. e6 fxe6 28. Qxa6 e5 29. Qg6 Rbd3 30. a6 R3d6 31. Qh5 Rxa6 32. Rxe5 Ra1+ 33. Kh2 Qd6 34. Rfe2 Rd1 35. g3 Rf8 36. Re8 Rdf1 37. Qxb5 Kh7 38. Rxf8 Rxf8 39. Qc4 Qg6 40. b4 c6 41. Qe4 Rf2+ 42. Kh1 Rxe2 43. Qxe2 Qxg3 44. Qc2+ Qg6 45. Qc5 Qe4+ 46. Kh2 Qf4+ 47. Kh1 Qf3+ 48. Kh2 h5 49. Qg5 g6 50. Qe7+ Kh6 51. Qd6 Qe4 52. Kg3 h4+ 53. Kf2 Kg5 54. Qd8+ Kf5 55. Qf8+ Ke5 56. Qc5+ Ke6 57. Kg1 Qe1+ 58. Kg2 Qg3+ 59. Kf1 Qxh3+ 60. Ke2 Qg2+ 61. Ke1 Qg3+ 62. Ke2 Qe5+ 0-1

[Event "Belt and Road Women-ch 2020"]
[Site "Xi'an"]
[Date "2020.12.05"]
[Round "3.1"]
[White "Khademalsharieh, Sarasadat"]
[Black "Abdumalik, Zhansaya"]
[Result "1/2-1/2"]
[ECO "E60"]
[WhiteElo "2494"]
[BlackElo "2478"]
[Annotator "ChessBase"]
[PlyCount "20"]
[EventDate "2020.12.03"]
[EventCountry "CHN"]
[SourceTitle "playchess.com"]
[Source "ChessBase"]
[SourceQuality "1"]
[TimeControl "900+5"]

1. d4 Nf6 2. c4 g6 3. g3 Bg7 4. Bg2 c5 5. dxc5 Na6 6. Nh3 O-O 7. O-O Nxc5 8. Nc3 d6 9. Nf4 Rb8 10. Bd2 e5 1/2-1/2

[Event "Belt and Road Women-ch 2020"]
[Site "Xi'an"]
[Date "2020.12.05"]
[Round "3.2"]
[White "Muzychuk, Mariya"]
[Black "Lei, Tingjie"]
[Result "1/2-1/2"]
[ECO "C51"]
[WhiteElo "2544"]
[BlackElo "2505"]
[Annotator "ChessBase"]
[PlyCount "138"]
[EventDate "2020.12.03"]
[EventCountry "CHN"]
[SourceTitle "playchess.com"]
[Source "ChessBase"]
[SourceQuality "1"]
[TimeControl "900+5"]

1. e4 e5 2. Nf3 Nc6 3. Bc4 Bc5 4. b4 Bxb4 5. c3 Be7 6. d4 Na5 7. Bd3 d6 8. O-O Nf6 9. Qa4+ c6 10. dxe5 dxe5 11. Nxe5 O-O 12. Nd2 Qc7 13. Nef3 Rd8 14. Qc2 h6 15. c4 c5 16. Bb2 Nc6 17. a3 Ng4 18. h3 Nge5 19. Nxe5 Nxe5 20. Be2 Ng6 21. Rfd1 Be6 22. Nf1 Rxd1 23. Rxd1 Rd8 24. Ne3 Rxd1+ 25. Bxd1 Qd7 26. Nf5 Bf8 27. Bg4 b5 28. cxb5 Qxb5 29. e5 Qb3 30. Qd2 Qb8 31. Nd6 Bb3 32. Qc3 Nxe5 33. Nf5 f6 34. Be2 Be6 35. Ne3 Qd8 36. f4 Nc6 37. Bc4 Bxc4 38. Qxc4+ Kh8 39. Nd5 Ne7 40. Nxf6 Qb8 41. Nd7 Qxb2 42. Nxf8 Qb1+ 43. Kh2 Qf5 44. Ne6 Nd5 45. Nxc5 Nxf4 46. Ne4 Qe5 47. Kh1 Qa1+ 48. Kh2 Qe5 49. Kh1 Nh5 50. Qc8+ Kh7 51. Qc2 g6 52. Kg1 Qd4+ 53. Kh2 Qe5+ 54. Kg1 Nf4 55. Qc4 Kg7 56. a4 h5 57. Qc2 h4 58. Qc4 Kh6 59. Qb4 Qf5 60. Qc4 a5 61. Kh2 Ne6 62. Qd3 Qf4+ 63. Kg1 Qc1+ 64. Kh2 Qc7+ 65. Kg1 Qf4 66. Qd2 Qxd2 67. Nxd2 Nc5 68. Nc4 Nxa4 69. Nxa5 Kg5 1/2-1/2

[Event "Belt and Road Women-ch 2020"]
[Site "Xi'an"]
[Date "2020.12.05"]
[Round "3.3"]
[White "Stefanova, Antoaneta"]
[Black "Tan, Zhongyi"]
[Result "0-1"]
[ECO "D02"]
[WhiteElo "2466"]
[BlackElo "2510"]
[Annotator "ChessBase"]
[PlyCount "88"]
[EventDate "2020.12.03"]
[EventCountry "CHN"]
[SourceTitle "playchess.com"]
[Source "ChessBase"]
[SourceQuality "1"]
[TimeControl "900+5"]

1. d4 d5 2. Bf4 Nf6 3. e3 c5 4. c3 Nc6 5. Nd2 e6 6. Ngf3 Bd6 7. Bg3 O-O 8. Bd3 Qe7 9. Ne5 Nd7 10. Nxd7 Qxd7 11. f4 f5 12. O-O c4 13. Bc2 b5 14. Be1 b4 15. Ba4 bxc3 16. bxc3 Qc7 17. g4 Ne7 18. g5 Bd7 19. Bc2 Rfb8 20. Nf3 Rb2 21. a4 Be8 22. Bd2 Bh5 23. Bc1 Rb7 24. Qd2 Nc6 25. Qg2 Na5 26. Nh4 Nb3 27. Ra2 g6 28. Bd2 Rab8 29. Bd1 Nxd2 30. Qxd2 Bxd1 31. Rxd1 Qa5 32. Nf3 Rb1 33. Rxb1 Rxb1+ 34. Kg2 Rb3 35. Rc2 Qxa4 36. h4 a5 37. h5 Qb5 38. hxg6 hxg6 39. Nh4 Kg7 40. Kf3 a4 41. Qh2 Qe8 42. Rc1 Qh8 43. Rh1 Qh5+ 44. Kf2 Rb2+ 0-1

[Event "Belt and Road Women-ch 2020"]
[Site "Xi'an"]
[Date "2020.12.05"]
[Round "3.4"]
[White "Atalik, Ekaterina"]
[Black "Dzagnidze, Nana"]
[Result "1/2-1/2"]
[ECO "E17"]
[WhiteElo "2430"]
[BlackElo "2524"]
[Annotator "ChessBase"]
[PlyCount "121"]
[EventDate "2020.12.03"]
[EventCountry "CHN"]
[SourceTitle "playchess.com"]
[Source "ChessBase"]
[SourceQuality "1"]
[TimeControl "900+5"]

1. d4 Nf6 2. c4 e6 3. Nf3 b6 4. g3 Bb7 5. Bg2 Be7 6. O-O O-O 7. Re1 Qc8 8. Nc3 Ne4 9. Qc2 f5 10. Ne5 d6 11. Nd3 Nxc3 12. Qxc3 Bxg2 13. Kxg2 Bf6 14. Nf4 Nc6 15. Be3 Qb7 16. Kg1 Rae8 17. Rad1 Nxd4 18. Bxd4 e5 19. Nd5 exd4 20. Nxf6+ Rxf6 21. Rxd4 a5 22. Rd5 f4 23. Rg5 Ree6 24. gxf4 Rg6 25. Rg3 Qe4 26. e3 h5 27. Kf1 Qh1+ 28. Ke2 Qxh2 29. Rxg6 Rxg6 30. Qd3 Kh7 31. Qe4 Qh3 32. Rg1 Qe6 33. Qd3 Qf6 34. Rh1 h4 35. Qd4 Qe7 36. f5 Rh6 37. Rh3 Qg5 38. Qe4 Qf6 39. b3 Rh5 40. Qg4 Kh6 41. Qf4+ Qg5 42. Kf3 c6 43. e4 g6 44. f6 Qxf4+ 45. Kxf4 Kh7 46. Kg4 Kg8 47. Rxh4 Re5 48. f3 Kf7 49. Rh7+ Kxf6 50. Rb7 b5 51. cxb5 cxb5 52. Rb6 Ke7 53. Kf4 g5+ 54. Ke3 Kd7 55. Kd4 b4 56. Ra6 Rc5 57. Ra7+ Ke6 58. Ra8 Kd7 59. Ra7+ Ke6 60. Ra8 Kd7 61. Ra7+ 1/2-1/2

[Event "Belt and Road Women-ch 2020"]
[Site "Xi'an"]
[Date "2020.12.05"]
[Round "3.5"]
[White "Zhao, Xue"]
[Black "Hou, Yifan"]
[Result "0-1"]
[ECO "E21"]
[WhiteElo "2486"]
[BlackElo "2658"]
[Annotator "ChessBase"]
[PlyCount "54"]
[EventDate "2020.12.03"]
[EventCountry "CHN"]
[SourceTitle "playchess.com"]
[Source "ChessBase"]
[SourceQuality "1"]
[TimeControl "900+5"]

1. d4 Nf6 2. c4 e6 3. Nf3 b6 4. Nc3 Bb7 5. g3 Bb4 6. Bg2 Bxc3+ 7. bxc3 Be4 8. Ba3 d6 9. c5 dxc5 10. Qa4+ Bc6 11. Qc2 Nbd7 12. Rd1 Qe7 13. O-O O-O 14. Rfe1 Be4 15. Qc1 Rfd8 16. h3 h6 17. Bf1 Qe8 18. Qf4 cxd4 19. cxd4 c5 20. Nd2 e5 21. dxe5 Qxe5 22. Qxe5 Nxe5 23. Nxe4 Nxe4 24. Bg2 Rxd1 25. Rxd1 Nc3 26. Rd2 Re8 27. Bb2 Nc4 0-1

[Event "Belt and Road Women-ch 2020"]
[Site "Xi'an"]
[Date "2020.12.04"]
[Round "4.1"]
[White "Abdumalik, Zhansaya"]
[Black "Hou, Yifan"]
[Result "0-1"]
[ECO "A31"]
[WhiteElo "2478"]
[BlackElo "2658"]
[Annotator "ChessBase"]
[PlyCount "130"]
[EventDate "2020.12.03"]
[EventCountry "CHN"]
[SourceTitle "playchess.com"]
[Source "ChessBase"]
[SourceQuality "1"]
[TimeControl "900+5"]

1. e4 c5 2. Nf3 a6 3. c4 e6 4. Nc3 b6 5. d4 cxd4 6. Nxd4 Bb7 7. Be2 d6 8. O-O Nf6 9. f3 Be7 10. Be3 O-O 11. Qe1 Nbd7 12. Rc1 Re8 13. Qf2 Rc8 14. Rfd1 Qc7 15. Bf1 Qb8 16. b3 Bd8 17. Kh1 Bc7 18. Nde2 Ba8 19. a4 Ne5 20. Bg5 Bd8 21. Be3 h6 22. h3 Bc7 23. f4 Ned7 24. Ng3 Nc5 25. Qc2 Qb7 26. Re1 Ncxe4 27. Ngxe4 Nxe4 28. Nxe4 Qxe4 29. Qxe4 Bxe4 30. Bxb6 Bxb6 31. Rxe4 a5 32. Rd1 Bc5 33. Bd3 Rb8 34. Bc2 g6 35. Kh2 Kg7 36. Re2 Rb6 37. Kg3 Reb8 38. Rd3 Kf6 39. Kf3 g5 40. fxg5+ hxg5 41. Kg4 Rg8 42. Rf3+ Ke7 43. Rf5 f6 44. Rf1 Bd4 45. Kf3 Be5 46. Rd1 Rh8 47. Red2 Rb4 48. Rd3 Rh4 49. Kf2 f5 50. Kf3 Rb8 51. Kf2 Rbh8 52. Re1 Bd4+ 53. Ke2 Be5 54. Kd2 g4 55. c5 gxh3 56. cxd6+ Bxd6 57. Rxd6 Kxd6 58. gxh3 Rxh3 59. Bd3 Rh2+ 60. Kc3 R8h3 61. Rd1 Kc5 62. Re1 Rg2 63. Re5+ Kd6 64. Rxa5 Rgg3 65. Ra6+ Ke5 0-1

[Event "Belt and Road Women-ch 2020"]
[Site "Xi'an"]
[Date "2020.12.04"]
[Round "4.2"]
[White "Dzagnidze, Nana"]
[Black "Zhao, Xue"]
[Result "0-1"]
[ECO "A17"]
[WhiteElo "2524"]
[BlackElo "2486"]
[Annotator "ChessBase"]
[PlyCount "94"]
[EventDate "2020.12.03"]
[EventCountry "CHN"]
[SourceTitle "playchess.com"]
[Source "ChessBase"]
[SourceQuality "1"]
[TimeControl "900+5"]

1. c4 Nf6 2. Nf3 e6 3. Nc3 Bb4 4. Qc2 d5 5. e3 O-O 6. a3 Bxc3 7. Qxc3 c5 8. b4 Nc6 9. bxc5 Ne4 10. Qc2 Qa5 11. Bb2 Qxc5 12. Bd3 Na5 13. Rc1 Bd7 14. Bxe4 dxe4 15. Qxe4 Rac8 16. O-O Nb3 17. Rc2 Ba4 18. Qg4 g6 19. Ng5 Qf5 20. Qh4 h5 21. Ne4 e5 22. d3 Nc5 23. Nd6 Qe6 24. Nxc8 Bxc2 25. Ne7+ Kh7 26. d4 Nd3 27. Ba1 Qxc4 28. Qf6 Qe6 29. dxe5 Re8 30. Nd5 Nc5 31. Qxe6 Rxe6 32. Bd4 Nd3 33. f4 Ra6 34. Ra1 b5 35. Nc7 Ra5 36. e6 fxe6 37. Nxe6 Kg8 38. Ra2 Bb3 39. Ra1 Bxe6 40. Kf1 Bc4 41. Ke2 Nxf4+ 42. Kf3 Ne6 43. Bc3 Ra6 44. Ke4 Rd6 45. a4 Rd3 46. Bf6 Nc5+ 47. Ke5 Nd7+ 0-1

[Event "Belt and Road Women-ch 2020"]
[Site "Xi'an"]
[Date "2020.12.04"]
[Round "4.3"]
[White "Tan, Zhongyi"]
[Black "Atalik, Ekaterina"]
[Result "1-0"]
[ECO "A46"]
[WhiteElo "2510"]
[BlackElo "2430"]
[Annotator "ChessBase"]
[PlyCount "91"]
[EventDate "2020.12.03"]
[EventCountry "CHN"]
[SourceTitle "playchess.com"]
[Source "ChessBase"]
[SourceQuality "1"]
[TimeControl "900+5"]

1. d4 Nf6 2. Bf4 e6 3. e3 c5 4. Nf3 Qb6 5. Nc3 cxd4 6. Qxd4 Qxd4 7. exd4 d6 8. Nb5 Kd7 9. Ng5 a6 10. Nxf7 axb5 11. Nxh8 Ke7 12. Bxb5 g6 13. Bd3 Bg7 14. Nxg6+ hxg6 15. Bxg6 Nc6 16. c3 Bd7 17. h4 Nd5 18. Bd2 Na5 19. h5 Nb3 20. h6 Bh8 21. Rb1 Nxd2 22. Kxd2 Rxa2 23. h7 Ra8 24. g3 Bc6 25. f4 Nf6 26. Rhe1 d5 27. Ra1 Rd8 28. Ra7 Ne4+ 29. Ke3 Kf6 30. Bxe4 dxe4 31. Rh1 Bd5 32. g4 Bg7 33. b3 Kg6 34. Ra5 Bxb3 35. Rg5+ Kf7 36. Rc5 Bh8 37. Rc7+ Kg6 38. Rh5 e5 39. f5+ Kf6 40. Rh6+ Kg5 41. Rg6+ Kh4 42. Rxb7 exd4+ 43. cxd4 Bxd4+ 44. Kf4 Be5+ 45. Kxe5 Re8+ 46. Kf4 1-0

[Event "Belt and Road Women-ch 2020"]
[Site "Xi'an"]
[Date "2020.12.04"]
[Round "4.4"]
[White "Lei, Tingjie"]
[Black "Stefanova, Antoaneta"]
[Result "0-1"]
[ECO "B12"]
[WhiteElo "2505"]
[BlackElo "2466"]
[Annotator "ChessBase"]
[PlyCount "104"]
[EventDate "2020.12.03"]
[EventCountry "CHN"]
[SourceTitle "playchess.com"]
[Source "ChessBase"]
[SourceQuality "1"]
[TimeControl "900+5"]

1. e4 c6 2. d4 d5 3. e5 c5 4. dxc5 e6 5. a3 Bxc5 6. Qg4 g6 7. Bd3 h5 8. Qg3 h4 9. Qf4 Bf8 10. Nc3 Bh6 11. Qg4 Bxc1 12. Rxc1 Nh6 13. Qe2 Qg5 14. f4 Qxf4 15. Rd1 Nc6 16. Nf3 Ng4 17. Bb5 Qe3 18. Rd4 Qxe2+ 19. Kxe2 Nh6 20. Rxh4 Bd7 21. Kf2 Ke7 22. Bxc6 bxc6 23. Na4 g5 24. Rd4 g4 25. Nh4 Rag8 26. Re1 Rg5 27. g3 Nf5 28. Nxf5+ Rxf5+ 29. Kg1 Rhh5 30. Nc5 Rxe5 31. Rxe5 Rxe5 32. Ra4 Re1+ 33. Kf2 Rc1 34. c3 Kd6 35. b4 e5 36. Rxa7 Be6 37. a4 Rc2+ 38. Ke1 Rxc3 39. a5 e4 40. a6 Ra3 41. Rb7 Ke5 42. Rc7 Ra1+ 43. Ke2 Ra2+ 44. Ke1 Ra1+ 45. Ke2 d4 46. Rxc6 Bc4+ 47. Kd2 e3+ 48. Kc2 e2 49. Nd7+ Kd5 50. b5 d3+ 51. Kb2 e1=Q 52. Nf6+ Kd4 0-1

[Event "Belt and Road Women-ch 2020"]
[Site "Xi'an"]
[Date "2020.12.04"]
[Round "4.5"]
[White "Khademalsharieh, Sarasadat"]
[Black "Muzychuk, Mariya"]
[Result "1/2-1/2"]
[ECO "D71"]
[WhiteElo "2494"]
[BlackElo "2544"]
[Annotator "ChessBase"]
[PlyCount "69"]
[EventDate "2020.12.03"]
[EventCountry "CHN"]
[SourceTitle "playchess.com"]
[Source "ChessBase"]
[SourceQuality "1"]
[TimeControl "900+5"]

1. d4 Nf6 2. c4 g6 3. g3 c6 4. Bg2 d5 5. e3 Bg7 6. Ne2 O-O 7. O-O a5 8. cxd5 cxd5 9. Nbc3 Nc6 10. Nf4 e6 11. b3 b6 12. a4 Ba6 13. Re1 Qd7 14. Ba3 Rfc8 15. Qd2 Rc7 16. Rec1 Rac8 17. Nd3 Bf8 18. Bxf8 Kxf8 19. Ne5 Nxe5 20. dxe5 Ng8 21. Bf1 Bxf1 22. Kxf1 Rc5 23. Nb5 Qc6 24. Rxc5 Qxc5 25. Rd1 Qc2 26. Qxc2 Rxc2 27. Nd4 Rc5 28. Rb1 Ne7 29. b4 Rc4 30. bxa5 bxa5 31. Rb8+ Kg7 32. Rb7 Kf8 33. Rb8+ Kg7 34. Rb7 Kf8 35. Rb8+ 1/2-1/2

[Event "Belt and Road Women-ch 2020"]
[Site "Xi'an"]
[Date "2020.12.04"]
[Round "5.2"]
[White "Stefanova, Antoaneta"]
[Black "Khademalsharieh, Sarasadat"]
[Result "0-1"]
[ECO "A30"]
[WhiteElo "2466"]
[BlackElo "2494"]
[Annotator "ChessBase"]
[PlyCount "58"]
[EventDate "2020.12.03"]
[EventCountry "CHN"]
[SourceTitle "playchess.com"]
[Source "ChessBase"]
[SourceQuality "1"]
[TimeControl "900+5"]

1. Nf3 d5 2. g3 g6 3. c4 dxc4 4. Na3 Bg7 5. Nxc4 c5 6. Bg2 Nc6 7. O-O Nf6 8. d3 O-O 9. Be3 Nd4 10. Rc1 Be6 11. b4 Nxf3+ 12. Bxf3 cxb4 13. Bxb7 Rb8 14. Bg2 Nd5 15. Bxa7 Ra8 16. Bxd5 Qxd5 17. Nb6 Qxa2 18. Nxa8 Rxa8 19. Bc5 b3 20. e3 b2 21. Rb1 Bb3 22. Qd2 Qxb1 23. Rxb1 Ra1 24. Kg2 Rxb1 25. Bxe7 Rd1 26. Qa5 h6 27. Qd8+ Kh7 28. Bf6 Bxf6 29. Qxf6 b1=Q 0-1